Unix NetHack Version 5.0.0-0 post-release - last build May 23 2026 06:08:33 (1c0ff79ee797540d5714e4e18072db0edd9e58ae,branch:main).

Game began 2026-05-24 04:29:57, ended 2026-05-24 04:47:21.

IanCurtis, chaotic male elven Wizard

                               -----------                         -----
                           -----.|.--.--.--                    -----.|.---
                         ---..|........(..|                    |..|......--
                         |................----                 |..........---
                         |..........--.....|.--        ---      -...........--
                         --.........----......|       --.---------.......-...|
              ----        ---.........|---....| -------........--............|
              |..|------   --.........-- |-..^---.--........--...............-
             --..--.--.-----.)<%-......---...............---------.....--.....|
             |...............G......................^....----- --|....----...--
             -.@a.......--....----.^..................--.....---.|....|  |...|
         ...... ...........-----.(...................-------........---- --..|
        -.................--  |..........--.........--    |............|  ----
        |..---............|   |.......------........|     |........--- -
        ---  -.--...>....--   --.....--   --........---   -----....|
             .----........|    |.....|    |...........---     --..--
                 |....--.--    --....|    |..........`..|      |..|
                 |....| --      |....|    ----..........|      ----
                 ---.--         ---..|       --.........|
                   ---            ----        ---.-------
                                                ---
IanCurtis the Conjurer    St:7 Dx:14 Co:15 In:20 Wi:11 Ch:9  Chaotic
Dlvl:4  $:45 HP:0(34) Pw:66(66) AC:9  Xp:5 T:1489  Burdened

Latest messages:
 You land on a set of sharp iron spikes!
 You are still in a pit.
 You are still in a pit.
 You are still in a pit.
 You are still in a pit.
 You are still in a pit.
 You crawl to the edge of the pit.
 With great effort you move the boulder.
 There are several objects here.
 You miss ArrBianca's ghost.
 You hit ArrBianca's ghost!
 ArrBianca's ghost wakes up!
 You miss ArrBianca's ghost.
 ArrBianca's ghost touches you!
 You miss ArrBianca's ghost.
 ArrBianca's ghost touches you!
 You miss ArrBianca's ghost.
 You miss ArrBianca's ghost.
 ArrBianca's ghost touches you!
 You miss ArrBianca's ghost.
 You miss ArrBianca's ghost.
 ArrBianca's ghost touches you!
 You miss ArrBianca's ghost.
 ArrBianca's ghost touches you!
 You miss ArrBianca's ghost.
 ArrBianca's ghost touches you!
 You miss ArrBianca's ghost.
 ArrBianca's ghost touches you!
 You miss ArrBianca's ghost.
 ArrBianca's ghost touches you!
 You miss ArrBianca's ghost.
 You miss ArrBianca's ghost.
 You miss ArrBianca's ghost.
 ArrBianca's ghost touches you!
 You miss ArrBianca's ghost.
 You miss ArrBianca's ghost.
 ArrBianca's ghost touches you!
 You miss ArrBianca's ghost.
 You hit ArrBianca's ghost!
 You miss ArrBianca's ghost.
 You miss ArrBianca's ghost.
 You miss ArrBianca's ghost.
 ArrBianca's ghost touches you!
 The giant beetle bites!
 You miss ArrBianca's ghost.
 The giant beetle bites!
 You miss ArrBianca's ghost.
 The giant beetle bites!
 You die...
 Do you want your possessions identified? [ynq] (y) q

Inventory:
 Coins    ('$')
  $ - 45 gold pieces
 Weapons  (')')
  a - a blessed +1 quarterstaff (weapon in hands)
 Armor    ('[')
  b - an uncursed +0 cloak of magic resistance (being worn)
 Comestibles  ('%')
  t - 3 uncursed food rations
 Scrolls  ('?')
  j - a blessed scroll of create monster
  C - an uncursed scroll of create monster
  i - an uncursed scroll of enchant armor
  h - an uncursed scroll of food detection
  v - a blessed scroll of gold detection
  p - a blessed scroll of remove curse
  w - an uncursed scroll of remove curse
 Spellbooks  ('+')
  k - a blessed spellbook of force bolt
  l - an uncursed spellbook of healing
  D - an uncursed spellbook of healing
 Potions  ('!')
  x - a cursed potion of blindness
  y - a blessed potion of confusion
  r - an uncursed potion of confusion
  f - 2 uncursed potions of fruit juice
  u - 2 uncursed potions of healing
  g - an uncursed potion of water
 Rings    ('=')
  e - an uncursed ring of polymorph
  B - a cursed ring of polymorph
  I - a cursed ring of slow digestion
  G - an uncursed ring of teleportation
 Wands    ('/')
  z - a wand of cold (0:5)
  c - a wand of create monster (0:12)
  F - a wand of teleportation (0:4)
 Tools    ('(')
  E - an empty uncursed sack
  J - an empty uncursed sack
  o - an uncursed wooden harp
  n - an uncursed blindfold
  H - a magic marker (0:85)
  m - a magic marker (0:20)
  d - a +0 pick-axe
  L - 2 uncursed tallow candles

IanCurtis the Wizard's attributes:

Background:
 You were a Conjurer, a level 5 male elven Wizard.
 You were chaotic, nominally on a mission for Anhur
 who was opposed by Ptah (lawful) and Thoth (neutral).
 You were right-handed.
 You were in the Gnomish Mines, on level 4.
 You entered the dungeon 1489 turns ago.
 It was nighttime.
 You had 233 experience points, 87 more were needed to attain level 6.

Basics:
 You had 0 out of 34 hit points.
 You had all 66 energy points (spell power).
 Your armor class was 9.
 Your wallet contained 45 zorkmids.
 Autopickup was off.

Final Characteristics:
 Your strength was 7 (limit:18).
 Your dexterity was 14 (limit:18).
 Your constitution was 15 (limit:16).
 Your intelligence was 20 (limit:20).
 Your wisdom was 11 (limit:20).
 Your charisma was 9 (limit:18).

Final Status:
 You weren't hungry.
 You were burdened; movement was slightly slowed.
 You were wielding a quarterstaff.
 You had basic skill with quarterstaff.

Final Attributes:
 You were devoutly aligned.
 You were magic-protected.
 You were sleep resistant.
 You had infravision.
 You were warded.
 You are dead.

Miscellaneous:
 You encountered 1 bones level.
 Total elapsed playing time was 17 minutes and 24 seconds.

Major events:
 Turn
    1: IanCurtis the chaotic male elven Wizard entered the dungeon
  634: entered the Gnomish Mines
  637: attained the rank of Conjurer (level 3)
 1489: killed by a giant beetle

Spells:
 Name                 Level Category     Fail Retention
 force bolt             1   attack         0%  91%-100%
 healing                1   healing        0%  76%-100%

Skills:
 Fighting Skills
   bare handed combat [Unskilled]
   riding             [Unskilled]
 Weapon Skills
   dagger             [Unskilled]
   knife              [Unskilled]
   axe                [Unskilled]
   short sword        [Unskilled]
   club               [Unskilled]
   mace               [Unskilled]
   quarterstaff       [Basic]
   polearms           [Unskilled]
   spear              [Unskilled]
   trident            [Unskilled]
   sling              [Unskilled]
   dart               [Unskilled]
   shuriken           [Unskilled]
 Spellcasting Skills
   attack spells      [Basic]
   healing spells     [Unskilled]
   divination spells  [Unskilled]
   enchantment spells [Basic]
   clerical spells    [Unskilled]
   escape spells      [Unskilled]
   matter spells      [Unskilled]

Voluntary challenges:
 Character rerolling was not enabled.
 You were an atheist.
 You were illiterate.
 You never genocided any monsters.
 You never polymorphed an object.
 You never changed form.
 You used no wishes.
Achievements:
 You entered a shop.
 You entered the Gnomish Mines.
 You attained the rank of Conjurer.

 The Dungeons of Doom: levels 1 to 2
    Level 1:
    Level 2:
       A scroll shop.
       Stairs down to The Gnomish Mines.
 The Gnomish Mines: levels 3 to 4
    Level 3:
    Level 4: <- You were here.
       A grave.
       Final resting place for
          you, killed by a giant beetle,
          ArrBianca-Wiz-Elf-Fem-Cha, killed by a giant beetle.


Vanquished creatures:
  a gnome ruler
  a gnome leader
  a gnomish wizard
  a kitten
  2 dwarves
  a kobold leader
  a werejackal
 an iguana
 an acid blob
  2 giant rats
 12 gnomes
  3 geckos
  a jackal
  a fox
  a goblin
  4 sewer rats
  2 grid bugs
  3 lichens
  3 newts
42 creatures vanquished.

No species were genocided or became extinct.

Game over:
                       ----------
                      /          \
                     /    REST    \
                    /      IN      \
                   /     PEACE      \
                  /                  \
                  |    IanCurtis     |
                  |      45 Au       |
                  |   killed by a    |
                  |   giant beetle   |
                  |                  |
                  |                  |
                  |       2026       |
                 *|     *  *  *      | *
        _________)/\\_//(\/(/\)/\//\/|_)_______

Goodbye IanCurtis the Wizard...

You died in The Gnomish Mines on dungeon level 4 with 1123 points,
and 45 pieces of gold, after 1489 moves.
You were level 5 with a maximum of 34 hit points when you died.

